 Dungeon Crawl Stone Soup version 0.28-a0-691-gad6df49e81 (webtiles) character file.

Game seed: 18141005383131493371

56821 cheechan the Spear-Bearer (level 14, -6/133 HPs)
             Began as a Naga Hunter on Oct 21, 2021.
             Was a Priest of Ashenzari.
             Mangled by a fire giant (25 damage)
             ... on level 1 of the Depths.
             The game lasted 01:26:31 (20023 turns).

cheechan the Spear-Bearer (Naga Hunter)            Turns: 20023, Time: 01:26:32

Health: -6/133     AC: 21    Str: 26    XL:     14   Next: 83%
Magic:  14/14      EV: 11    Int: 11    God:    Ashenzari [***...]
Gold:   1083       SH: 21    Dex: 12    Spells: 11/13 levels left

rFire   + . .      SeeInvis +   v - +9 spear of Ashenzari's Stickiness {elec, rPois rF+ rN++ Dex-3, Melee, Comp} (curse)
rCold   . . .      Faith    .   C - +3 tower shield
rNeg    + + .      Spirit   .   k - +1 robe "Uquh" {rElec Str+3}
rPois   +          Reflect  .   Z - +2 hat "Per Aspera Ad Scientiam" {Elem, Melee} (curse)
rElec   +          Harm     .   L - +0 cloak
rCorr   .          Rampage  .   (no gloves)
Will    ++...      Clarity  +   w - +6 lightning scales {swift, rElec, Evo, Range} (curse)
Stlth   +++.......              K - amulet of Toth-Mos's Legacy {Regen+, Fort, Bglg} (curse)
HPRegen 1.32/turn               l - ring "At What Cost Knowledge?" {Str+6, Bglg, Fort} (curse)
MPRegen 0.14/turn               F - ring of willpower

@: slow
A: AC +4, large, see invisible, deformed body, poison resistance, slowness 2,
spit poison 1, naga tail 2
a: Spit Poison, Renounce Religion, Shatter the Chains


You were on level 1 of the Depths.
You worshipped Ashenzari.
Ashenzari was most pleased with you.
You visited 4 branches of the dungeon, and saw 19 of its levels.
You also visited: Ossuary.

You collected 2033 gold pieces.
You spent 950 gold pieces at shops.

Inventory:

Hand Weapons
 a - a +2 vorpal shortbow
 c - the +6 short sword of Genelo {vamp, Drain Fly rPois Int-5}
   (You found it on level 10 of the Dungeon)

   It occasionally heals its wielder for a portion of the damage dealt when it
   wounds a living foe.
   Int:       It affects your intelligence (-5).
   rPois:     It protects you from poison.
   Fly:       It grants you flight.
   Drain:     It drains your maximum health when unequipped.
 v - the cursed +9 spear of Ashenzari's Stickiness (weapon) {elec, rPois rF+ rN++ Dex-3, Melee, Comp}
   (You found it on level 5 of the Dungeon)

   It occasionally discharges a powerful burst of electricity upon striking a
   foe.
   Dex:       It affects your dexterity (-3).
   rF:        It protects you from fire.
   rPois:     It protects you from poison.
   rN:        It greatly protects you from negative energy.
   It has a curse which improves the following skills: Melee Combat: Short
   Blades, Long Blades, Axes, Maces & Flails, Polearms, Staves and Unarmed
   Combat.
   Companions: Summonings and Necromancy.
 H - the +9 spear "Qufimn" {drain, Will+ Int+6}
   (You took it off a spriggan on level 12 of the Dungeon)

   A truly terrible weapon, it drains the life of any living foe it strikes.
   Int:       It affects your intelligence (+6).
   Will:      It increases your willpower.
 M - a +0 hand crossbow
 P - the +4 great sword of Destruction {flame, rElec rC+ Int-4}
   (You bought it in a shop on level 7 of the Dungeon)

   It burns those it strikes, dealing additional fire damage.
   Big, fiery blades are also staple armaments of hydra-hunters.
   Int:       It affects your intelligence (-4).
   rC:        It protects you from cold.
   rElec:     It insulates you from electricity.
 R - a +4 scimitar of flaming
 V - a +0 longbow
 W - a +2 shortbow of freezing
Missiles
 e - 127 bolts
 f - 325 arrows
 o - 19 boomerangs
 y - 3 throwing nets
 B - 5 datura-tipped darts
 E - 26 poisoned darts
 N - 2 curare-tipped darts
 T - 5 atropa-tipped darts
Armour
 h - a +0 troll leather armour
 k - the +1 robe "Uquh" (worn) {rElec Str+3}
   (You bought it in a shop on level 2 of the Orcish Mines)

   Str:       It affects your strength (+3).
   rElec:     It insulates you from electricity.
 w - the cursed +6 lightning scales (worn) {swift, rElec, Evo, Range}
   (You found it on level 5 of the Dungeon)

   It allows the wearer to cover ground more swiftly.
   rElec:     It insulates you from electricity.
   It has a curse which improves the following skills: Evocations: Evocations.
   Ranged Combat: Slings, Bows, Crossbows and Throwing.
 C - a +3 tower shield (worn)
 G - a +1 buckler of protection
 L - a +0 cloak (worn)
 Q - a +4 ring mail
 Z - the cursed +2 hat "Per Aspera Ad Scientiam" (worn) {Elem, Melee}
   (You found it on level 10 of the Dungeon)

   It has a curse which improves the following skills: Elements: Fire Magic, Ice
   Magic, Air Magic and Earth Magic.
   Melee Combat: Short Blades, Long Blades, Axes, Maces & Flails, Polearms,
   Staves and Unarmed Combat.
Magical Staves
 p - a staff of conjuration
Jewellery
 l - the cursed ring "At What Cost Knowledge?" (left hand) {Str+6, Bglg, Fort}
   (You found it on level 12 of the Dungeon)

   [ring of strength]

   Str:       It affects your strength (+6).
   It has a curse which improves the following skills: Beguiling: Conjurations,
   Hexes and Translocations.
   Fortitude: Armour and Shields.
 s - a ring of positive energy
 F - a ring of willpower (right hand)
 J - a ring of ice
 K - the cursed amulet of Toth-Mos's Legacy (around neck) {Regen+, Fort, Bglg}
   (You found it on level 8 of the Dungeon)

   [amulet of regeneration]

   Regen:     It increases your rate of health regeneration.
   It has a curse which improves the following skills: Fortitude: Armour and
   Shields.
   Beguiling: Conjurations, Hexes and Translocations.
Wands
 d - a wand of flame (36)
 g - a wand of acid (13)
 t - a wand of mindburst (30)
 D - a wand of iceblast (3)
 O - a wand of polymorph (14)
 U - a wand of charming (9)
 X - a wand of paralysis (5)
Scrolls
 j - 2 scrolls of blinking
 n - 5 scrolls of noise
 x - a scroll of summoning
 z - 4 scrolls of magic mapping
 A - 3 scrolls of teleportation
 Y - a scroll of fog
Potions
 b - 2 potions of brilliance
 i - a potion of might
 m - 2 potions of cancellation
 q - 4 potions of curing
 r - 5 potions of attraction
 u - 3 potions of haste
 I - a potion of flight
 S - a potion of magic


   Skills:
 + Level 10.3 Fighting
 + Level 0.1(0.5) Short Blades
 + Level 12.6(15.5) Polearms
 + Level 6.3(8.2) Bows
 + Level 0.3(1.0) Crossbows
 + Level 3.3(5.9) Armour
 + Level 10.6 Dodging
 + Level 7.4 Stealth
 + Level 11.7(14.6) Shields


You had 11 spell levels left.
You knew the following spells:

 Your Spells              Type           Power      Damage    Failure   Level
a - Sting                 Tmut/Pois      0%         1d3       36%         1
b - Magic Dart            Conj           0%         1d3       32%         1

Your spell library contained the following spells:

 Spells                   Type           Power      Damage    Failure   Level
 Call Imp                 Summ           0%         N/A       47%         2
 Passwall                 Tmut/Erth      0%         N/A       50%         2
 Poisonous Vapours        Pois/Air       0%         N/A       50%         2
 Conjure Flame            Conj/Fire      0%         6-21      71%         3
 Inner Flame              Hex/Fire       0%         N/A       71%         3
 Mephitic Cloud           Conj/Pois/Air  0%         N/A       71%         3
 Stone Arrow              Conj/Erth      0%         3d7       71%         3
 Swiftness                Air            0%         N/A       71%         3
 Ignite Poison            Fire/Tmut/Pois 0%         N/A       75%         3
 Airstrike                Air            0%         N/A       98%         4
 Animate Armour           Summ/Erth      0%         N/A       98%         4
 Olgreb's Toxic Radiance  Pois           0%         N/A       98%         4
 Sticky Flame             Conj/Fire      0%         2d3       98%         4
 Summon Lightning Spire   Summ/Air       0%         N/A       98%         4
 Lightning Bolt           Conj/Air       0%         1d11      100%        5
 Summon Forest            Summ/Tloc      0%         N/A       100%        5
 Eringya's Noxious Bog    Tmut/Pois      0%         N/A       100%        6
 Invisibility             Hex            0%         N/A       100%        6
 Simulacrum               Ice/Necr       0%         N/A       100%        6
 Summon Hydra             Summ           0%         N/A       100%        7
 Lehudib's Crystal Spear  Conj/Erth      0%         10d2      100%        8
 Necromutation            Tmut/Necr      0%         N/A       100%        8


Dungeon Overview and Level Annotations

Branches:
Dungeon (15/15)            Temple (1/1) D:4            Lair (0/6) D:8
    Orc (2/2) D:10            Elf (0/3) Orc:2        Vaults (0/5) D:14
 Depths (1/4) D:15        Ossuary (visited)

Altars:
Ashenzari
Cheibriados
Dithmenos
Elyvilon
Fedhas
Gozag
Hepliaklqana
Kikubaaqudgha
Makhleb
Nemelex Xobeh
Okawaru
Qazlal
Ru
Sif Muna
Trog
Uskayaw
Vehumet
Wu Jian
Xom
Yredelemnul
Zin
The Shining One
Beogh

Shops:
D:7 *   D:8 *   Orc:2 *(*[


Innate Abilities, Weirdness & Mutations

Your serpentine skin is tough. (AC +4)
You have supernaturally acute eyesight. (SInv)
Armour fits poorly on your strangely shaped body.
Your system is resistant to poisons. (rPois)
You cover ground very slowly.
You can spit poison.
You can use your snake-like lower body to constrict enemies.


Message History

The slime creature hits you!
* * * LOW HITPOINT WARNING * * *
You feel better. You block the fire dragon's attack. The fire dragon claws you.
* * * LOW HITPOINT WARNING * * *
The fire dragon tramples you but does no damage.
The slime creature closely misses you.
Two slime creatures merge to form a large slime creature.
The boulder beetle leaps!
You feel better.
Your surroundings suddenly seem different.
A spriggan air mage, a fire giant and a tengu reaver come into view.
The fire giant is wielding a +0 great sword of flaming.
Reach: v) +9 spear of Ashenzari's Stickiness {elec, rPois rF+ rN++ Dex-3, Melee, Comp} (curse)
Press: ? - help, Dir - move target, f - spriggan air mage
Aim: a spriggan air mage, wearing a +0 robe (repelling missiles, asleep, about 2% to evade the cursed +9 spear of Ashenzari's Stickiness)
You reach to attack!
The helpless spriggan air mage fails to defend itself.
You puncture the spriggan air mage!
The spriggan air mage is moderately wounded.
You miss the spriggan air mage. Your grab misses the spriggan air mage.
The spriggan air mage is moderately wounded.
The spriggan air mage waves its arms in wide circles.
The air twists around and strikes you!
* * * LOW HITPOINT WARNING * * *
You barely miss the fire giant.
The fire giant hits you but does no damage.
You puncture the fire giant!
The fire giant is lightly wounded.
The tengu reaver shouts!
You block the spriggan air mage's attack.
You miss the spriggan air mage. Your grab misses the spriggan air mage.
The spriggan air mage is moderately wounded.
The fire giant hits you with a +0 great sword of flaming!
* * * LOW HITPOINT WARNING * * *
The fire giant burns you.
* * * LOW HITPOINT WARNING * * *
You feel better.
The spriggan air mage barely misses you.
The fire giant hits you with a +0 great sword of flaming!!
You die...

#########
........#
......i@#
......QC#
*........#
,
........#
........#
#####+###
* *


You could see a fire giant, a tengu reaver and a spriggan air mage (repels
missiles).

Vanquished Creatures
  A caustic shrike skeleton (D:15)
  3 great orbs of eyes (Depths:1)
  2 ogre magi (Orc:2)
  3 hydras
  A boulder beetle (D:12)
  3 tengu warriors
  15 two-headed ogres
  4 centaur warriors
  A vampire mage (D:15)
  An orc high priest (D:12)
  9 skeletal warriors
  A spark wasp zombie (D:15)
  2 deep trolls (Orc:2)
  A harpy (shapeshifter) (D:13)
  A necromancer (D:14)
  3 orc knights
  3 orc sorcerers
  6 cyclopes
  A sphinx zombie (D:15)
  A wolf spider (D:15)
  A deep elf pyromancer (D:14)
  13 slime creatures
  2 ugly things (D:13)
  A frost giant zombie (D:15)
  An unseen horror (shapeshifter) (D:14)
  2 kobold demonologists (D:13)
  2 efreet
  A freezing wraith (D:15)
  An unseen horror (D:13)
  A tengu conjurer (D:13)
  11 trolls
  A hornet (D:8)
  A centaur simulacrum (D:14)
  A spriggan (D:12)
  A shadow (D:10)
  12 yaks
  A wyvern (D:9)
  16 humans (D:14)
  A wraith (D:10)
  A steam dragon (D:9)
  4 vampire mosquitoes (D:14)
  2 wargs
  2 water moccasins
  An acid dragon (D:12)
  A swamp drake (D:10)
  A black bear (D:8)
  An ice beast (D:6)
  A necrophage (D:6)
  11 orc warriors
  2 sky beasts (D:5)
  23 ogres
  A boggart (D:12)
  A wolf (D:12)
  8 centaurs
  A phantom (D:5)
  3 kobold brigands
  Blork the orc (D:6)
  2 bullfrogs
  3 gnoll sergeants
  11 scorpions
  A wyvern skeleton (D:5)
  6 killer bees (D:8)
  4 wights (D:8)
  5 centaur zombies
  2 hounds
  11 orc priests
  2 jellies
  A gnoll shaman (D:5)
  4 human zombies (Ossuary)
  2 iguanas
  16 orc wizards
  2 scorpion zombies (Ossuary)
  2 killer bee zombies
  4 mummies
  A howler monkey zombie (D:7)
  20 gnolls
  5 adders
  A river rat (D:4)
  2 white imps (D:8)
  An ufetubus (D:5)
  An adder skeleton (D:4)
  A worm (D:4)
  4 dart slugs
  68 orcs
  3 endoplasms (D:1)
  5 giant cockroaches
  6 goblins
  4 hobgoblins
  2 jackals (D:2)
  3 quokkas
  8 ball pythons
  3 bats
  A gnoll zombie (Ossuary)
  A goblin zombie (Ossuary)
  2 hobgoblin zombies (Ossuary)
  12 kobolds
  3 kobold zombies (Ossuary)
  2 orc zombies (Ossuary)
  7 rats
441 creatures vanquished.

Vanquished Creatures (collateral kills)
  The ghost of Agauroho the Earth Mage, a journeyman GrEE of Makhleb (D:12)
  2 spriggans (D:12)
  A hornet (D:12)
  A black bear (D:12)
5 creatures vanquished.

Vanquished Creatures (others)
  23 fungi
  18 plants
41 creatures vanquished.

Grand Total: 487 creatures vanquished

Notes
Turn   | Place    | Note
-------+----------+-------------------------------------------
     0 | D:1      | cheechan the Naga Hunter began the quest for the Orb.
     0 | D:1      | Reached XP level 1. HP: 19/19 MP: 1/1
   505 | D:1      | Reached XP level 2. HP: 26/26 MP: 2/2
  1825 | D:2      | Reached XP level 3. HP: 8/32 MP: 3/3
  2709 | D:3      | Reached skill level 1 in Armour
  2709 | D:3      | Reached XP level 4. HP: 31/39 MP: 4/4
  2756 | D:3      | Found a shadowy altar of Dithmenos.
  3281 | D:3      | Noticed an ogre
  3292 | D:3      | Killed an ogre
  3293 | D:3      | Reached XP level 5. HP: 8/46 MP: 5/5
  3645 | D:3      | Reached skill level 5 in Bows
  4103 | D:4      | Found a staircase to the Ecumenical Temple.
  4156 | D:4      | Found an opulent altar of Gozag.
  4203 | Temple   | Entered the Ecumenical Temple
  4408 | D:4      | Got the Collected Works on Sinister Ignition
  4412 | D:4      | Reached XP level 6. HP: 40/55 MP: 6/6
  5416 | D:5      | Entered Level 5 of the Dungeon
  5788 | D:5      | Identified the +9 spear of Violad {elec, rPois rF+ rN++
                  | Dex-3}
  6068 | D:5      | Reached XP level 7. HP: 30/62 MP: 7/7
  6262 | D:5      | Found the +6 lightning scales {swift, rElec}
  6523 | D:5      | Reached skill level 1 in Polearms
  6785 | D:5      | Reached skill level 2 in Polearms
  7008 | D:6      | Found a radiant altar of Vehumet.
  7026 | D:6      | Noticed Blork the orc
  7039 | D:6      | Reached XP level 8. HP: 34/72 MP: 8/8
  7054 | D:6      | Killed Blork the orc
  7406 | D:6      | Reached skill level 1 in Shields
  7604 | D:6      | Learned a level 2 spell: Call Imp
  7606 | D:6      | Learned a level 1 spell: Magic Dart
  7650 | D:6      | Reached skill level 3 in Polearms
  8004 | D:6      | Found a broken altar of Ashenzari.
  8008 | D:6      | Saw a vision of the Shoals and the Spider Nest.
  8008 | D:6      | Noticed a redback
  8008 | D:6      | Noticed a hornet
  8008 | D:6      | Noticed a redback
  8008 | D:6      | Noticed a sea snake
  8008 | D:6      | Noticed a wolf spider
  8008 | D:6      | Noticed a merfolk
  8008 | D:6      | Noticed a hornet
  8008 | D:6      | Noticed a redback
  8010 | D:6      | Noticed a redback
  8020 | D:6      | Became a worshipper of Ashenzari the Shackled
  8028 | D:6      | Found a hazy altar of Hepliaklqana.
  8190 | D:7      | Found a sand-covered staircase.
  8199 | Ossuary  | Entered an ossuary
  8281 | Ossuary  | Reached skill level 4 in Polearms
  8286 | Ossuary  | Reached XP level 9. HP: 60/79 MP: 9/9
  8481 | Ossuary  | Reached skill level 5 in Polearms
  8487 | Ossuary  | Reached skill level 5 in Stealth
  8651 | D:7      | Found a flagged portal.
  8723 | D:8      | Noticed a two-headed ogre
  8734 | D:8      | Killed a two-headed ogre
  8876 | D:8      | Reached skill level 6 in Polearms
  9136 | D:7      | Reached skill level 5 in Dodging
  9344 | D:7      | Found Meovicw's Assorted Antiques.
  9385 | D:7      | Reached XP level 10. HP: 87/87 MP: 10/10
  9394 | D:7      | Bought an iridescent great sword for 322 gold pieces
  9394 | D:7      | Identified the +4 great sword of Destruction {flame, rElec
                  | rC+ Int-4} (You bought it in a shop on level 7 of the
                  | Dungeon)
  9394 | D:7      | Bought a scroll labelled OGER NUM LUSAU for 28 gold pieces
 10212 | D:7      | Reached skill level 5 in Fighting
 10230 | D:7      | Reached skill level 7 in Polearms
 10442 | D:8      | Found Zin's Purification Station.
 10450 | D:8      | Found a glowing silver altar of Zin.
 10490 | D:8      | Found a staircase to the Lair.
 10517 | D:8      | Paralysed by a hornet for 3 turns
 10606 | D:8      | Found a basalt altar of Yredelemnul.
 10610 | D:8      | Found a hide-covered altar of Uskayaw.
 10629 | D:8      | Reached skill level 5 in Shields
 10657 | D:8      | Found a sacrificial altar of Ru.
 10670 | D:8      | Reached * piety under Ashenzari
 10778 | D:8      | Noticed a two-headed ogre
 10790 | D:8      | Killed a two-headed ogre
 10791 | D:8      | Reached skill level 8 in Polearms
 11457 | D:9      | Reached XP level 11. HP: 99/99 MP: 11/11
 11897 | D:9      | Noticed a two-headed ogre
 11909 | D:9      | Killed a two-headed ogre
 11989 | D:9      | Reached ** piety under Ashenzari
 12328 | D:10     | Entered Level 10 of the Dungeon
 12410 | D:10     | Found a sparkling altar of Nemelex Xobeh.
 12412 | D:10     | Found an ancient bone altar of Kikubaaqudgha.
 12568 | D:10     | Found a shimmering blue altar of Sif Muna.
 12782 | D:10     | Identified the +6 short sword of Genelo {vamp, Drain Fly
                  | rPois Int-5}
 12896 | D:10     | Found a staircase to the Orcish Mines.
 12903 | D:10     | Reached skill level 9 in Polearms
 12995 | Orc:1    | Entered Level 1 of the Orcish Mines
 13352 | Orc:2    | Entered Level 2 of the Orcish Mines
 13352 | Orc:2    | Found a staircase to the Elven Halls.
 13567 | Orc:2    | Noticed a two-headed ogre
 13569 | Orc:2    | Noticed a two-headed ogre
 13571 | Orc:2    | Found Losaib's Weapon Shop.
 13572 | Orc:2    | Noticed a cyclops
 13572 | Orc:2    | Noticed a two-headed ogre
 13600 | Orc:2    | Killed a two-headed ogre
 13608 | Orc:2    | Killed a two-headed ogre
 13617 | Orc:2    | Killed a two-headed ogre
 13621 | Orc:2    | Noticed a two-headed ogre
 13633 | Orc:2    | Killed a two-headed ogre
 13648 | Orc:2    | Reached XP level 12. HP: 32/112 MP: 12/12
 13657 | Orc:2    | Noticed an ogre mage
 13672 | Orc:2    | Reached skill level 10 in Polearms
 13681 | Orc:2    | Killed an ogre mage
 13739 | Orc:2    | Noticed a two-headed ogre
 13756 | Orc:2    | Killed a two-headed ogre
 13825 | Orc:2    | Noticed an ogre mage
 13836 | Orc:2    | Noticed a two-headed ogre
 13843 | Orc:2    | Killed an ogre mage
 13852 | Orc:2    | Killed a two-headed ogre
 13908 | Orc:2    | Noticed a two-headed ogre
 13920 | Orc:2    | Killed a two-headed ogre
 13927 | Orc:2    | Noticed a two-headed ogre
 13949 | Orc:2    | Killed a two-headed ogre
 14025 | Orc:2    | Found Elogel's Assorted Antiques.
 14030 | Orc:2    | Found Ininuig's Assorted Antiques.
 14034 | Orc:2    | Bought a potion of heal wounds for 130 gold pieces
 14034 | Orc:2    | Bought a scroll labelled RAUKHL OHAWITO for 26 gold pieces
 14034 | Orc:2    | Bought a scroll labelled NONTIU NOHUCKI for 26 gold pieces
 14046 | Orc:2    | Found Foworeet's Magic Scroll Boutique.
 14050 | Orc:2    | Bought a scroll labelled WAIBRA HOMUE for 28 gold pieces
 14185 | Orc:2    | Found Pietow's Armour Shoppe.
 14224 | Orc:2    | Bought the +1 robe "Uquh" {rElec Str+3} for 390 gold pieces
 14280 | Orc:2    | Reached skill level 11 in Polearms
 15078 | D:11     | Gained mutation: You can use your snake-like lower body to
                  | constrict enemies. [Naga growth]
 15078 | D:11     | Reached XP level 13. HP: 104/117 MP: 13/13
 15471 | D:11     | Learned a level 1 spell: Sting
 15660 | D:12     | Found a runed translucent door.
 16290 | D:12     | Found a runed translucent door.
 16291 | D:12     | Noticed Agauroho's ghost (journeyman GrEE)
 16291 | D:12     | Identified the +9 spear "Qufimn" {drain, Will+ Int+6}
 16322 | D:12     | Killed Agauroho's ghost
 16931 | D:13     | Reached skill level 10 in Shields
 17351 | D:13     | Reached skill level 12 in Polearms
 17702 | D:14     | Reached XP level 14. HP: 121/129 MP: 14/14
 17736 | D:14     | Found a gate to the Vaults.
 17961 | D:14     | Found a shimmering altar of Xom.
 17962 | D:14     | Found a shimmering altar of Xom.
 17963 | D:14     | Found a shimmering altar of Xom.
 17964 | D:14     | Found a shimmering altar of Xom.
 17964 | D:14     | Found a shimmering altar of Xom.
 17965 | D:14     | Found a shimmering altar of Xom.
 17965 | D:14     | Found a shimmering altar of Xom.
 17966 | D:14     | Found a shimmering altar of Xom.
 17969 | D:14     | Found a shimmering altar of Xom.
 18052 | D:14     | Reached skill level 10 in Dodging
 18505 | D:15     | Entered Level 15 of the Dungeon
 18507 | D:15     | Found a staircase to the Depths.
 18971 | D:15     | Reached skill level 10 in Fighting
 19051 | D:15     | Reached *** piety under Ashenzari
 19920 | Depths:1 | Entered Level 1 of the Depths
 20017 | Depths:1 | Noticed a fire giant
 20017 | Depths:1 | Noticed a tengu reaver
 20023 | Depths:1 | Mangled by a fire giant

Illustrated notes

Levels and vault maps discovered:
D:1:      psy_arrival_radial01, layout_loops_ring
D:2:      layout_loops_ring
D:3:      layout_basic, grunt_dithmenos_smoke
D:4:      layout_loops_ring, nicolae_gozag_cash_rules_everything_around_me,
          minmay_temple_entry_trees, portal_sewer_entry_a
D:5:      layout_cave_pods
D:6:      layout_basic, grunt_ashenzari_visionary
          [grunt_ashenzari_visionary_shoals, grunt_ashenzari_visionary_spider],
          lemuel_crystal_altar, nicolae_vehumet_radiance, uniq_blork_the_orc
D:7:      layout_basic, serial_shops, nicolae_shop_overgrown_old_shop,
          gup_ossuary_entry_pyramid, enter_bailey_5, kennysheep_nondescript,
          chequers_serial_rivers_room_b
D:8:      layout_gridville, zin_purify, nicolae_overflow_hidden_temple,
          nicolae_ru_awakened_eye, grunt_lair_entry_orc_guard_hut
D:9:      layout_irregular_city
D:10:     layout_rooms, mainiacjoe_overflow_brackets,
          chequers_temple_overflow_statue_of_worship, erik_orc_1
D:11:     layout_cave_pools
D:12:     layout_gridville, ebering_ghost_funeral_grove, lightli_church_of_beogh
D:13:     layout_rooms
D:14:     layout_basic, david_vaults_3, xom_shifter_show
D:15:     gammafunk_depths_entry_grave, layout_stronghold,
          hellmonk_guarded_unrand_rift
Temple:   cyrus_temple_forest
Orc:1:    layout_caves, nicolae_orc_lost_temple
Orc:2:    st_orc_open, layout_diamond_mine, serial_shops, shop
Depths:1: layout_roguey [special_room_magic_class], enter_ziggurat_d,
          rand_demon_pan_entry_5, skrybe_limestone_x, hell_entry, st_stairs_9,
          nrook_pool_corridor, minislime_mu, uniq_aizul

Skill      XL: |  1  2  3  4  5  6  7  8  9 10 11 12 13 14 |
---------------+-------------------------------------------+-----
Stealth        | 2 3 4 5 6 7 |  7.4
Bows           | 4 5 6 |  6.3
Armour         | 1 2 3 |  3.3
Dodging        | 2 3 5 6 7 8 9 10 | 10.6
Fighting       | 3 4 5 6 8 9 10 | 10.3
Polearms       | 2 4 6 8 9 11 12 | 12.6
Shields        | 2 4 5 7 8 10 11 | 11.7
Short Blades   | |  0.1
Crossbows      | |  0.3

Action                   |  1- 3 |  4- 6 |  7- 9 | 10-12 | 13-15 || total
-------------------------+-------+-------+-------+-------+-------++-------
Melee: Shortbow          |     8 |       |       |       |       ||     8
       Dagger            |     1 |     7 |       |       |       ||     8
       Spear             |       |    17 |   290 |   683 |   676 ||  1666
       Constrict         |       |       |       |       |    90 ||    90
 Fire: Shortbow          |    92 |   122 |       |       |       ||   214
       Hand crossbow     |       |       |     6 |       |       ||     6
Throw: Stone             |       |     1 |       |       |       ||     1
Invok: Curse Item        |       |       |     1 |     3 |     2 ||     6
       Shatter the Chain |       |       |       |     1 |       ||     1
 Abil: Spit Poison       |       |     1 |     2 |     8 |     5 ||    16
  Use: Scroll            |     2 |     9 |     1 |     4 |     5 ||    21
       Potion            |       |       |     3 |     4 |     7 ||    14
 Stab: Sleeping          |       |       |     4 |     2 |     4 ||    10
       Distracted        |       |       |       |     1 |       ||     1
Armor: Leather armour    |    22 |    15 |    79 |       |       ||   116
       Robe              |       |       |   221 |   304 |   202 ||   727
Dodge: Dodged            |    63 |    36 |    79 |   193 |   153 ||   524
Block: Tower shield      |       |       |   251 |   589 |   594 ||  1434

Table legend: (Time is in decaauts)
 A = Elapsed time spent in this place.
 B = Non-inter-level travel time spent in this place.
 C = Inter-level travel time spent in this place.
 D = Time resting spent in this place.
 E = Time spent auto-exploring this place.
 F = Levels seen in this place.
 G = Mean time per level.
                   A        B        C        D        E       F      G
               +--------+--------+--------+--------+--------+-----+--------+
         Total |  23319 |  23319 |      0 |   3693 |      0 |  20 | 1165.9 |
       Dungeon |  20341 |  20341 |      0 |   3504 |      0 |  15 | 1356.1 |
        Temple |    365 |    365 |      0 |     82 |      0 |   1 |  365.0 |
  Orcish Mines |   2038 |   2038 |      0 |    107 |      0 |   2 | 1019.0 |
        Depths |     69 |     69 |      0 |      0 |      0 |   1 |   69.0 |
       Ossuary |    505 |    505 |      0 |      0 |      0 |   1 |  505.0 |
               +--------+--------+--------+--------+--------+-----+--------+

Top non-repeatable levels by time:
     D:5: 1797 daAuts
     D:2: 1700 daAuts
     D:3: 1668 daAuts
     D:1: 1663 daAuts
     D:7: 1593 daAuts
     D:4: 1516 daAuts
     D:8: 1459 daAuts
     D:6: 1409 daAuts
    D:15: 1385 daAuts
   Orc:2: 1319 daAuts
    D:14: 1298 daAuts
     D:9: 1189 daAuts
    D:12: 1136 daAuts
    D:13: 998 daAuts
    D:10: 936 daAuts
